 Dungeon Crawl Stone Soup version 0.28.0 (webtiles) character file.

Game seed: 10067032730919405228

838 Sanktem7 the Slasher (level 7, -2/61 HPs)
             Began as a Minotaur Fighter on Feb 11, 2022.
             Succumbed to a killer bee's poison
             ... on level 4 of the Dungeon.
             The game lasted 00:06:30 (4420 turns).

Sanktem7 the Slasher (Minotaur Fighter)             Turns: 4420, Time: 00:06:30

Health: -2/61      AC:  7    Str: 26    XL:     7   Next: 67%
Magic:  6/6        EV: 10    Int:  5    God:
Gold:   161        SH:  4    Dex: 10    Spells: 6/6 levels left

rFire   + . .      SeeInvis +   r - +8 dagger of Conversion {vorpal, *Slow rF+ Str+4 SInv}
rCold   . . .      Faith    .   c - +0 buckler
rNeg    . . .      Spirit   .   b - +0 scale mail
rPois   .          Reflect  .   (helmet restricted)
rElec   .          Harm     .   (no cloak)
rCorr   .          Rampage  .   (no gloves)
Will    .....                   (no boots)
Stlth   ..........              (no amulet)
HPRegen 0.20/turn               (no ring)
MPRegen 0.10/turn               (no ring)

@: lethally poisoned (-2 -> -19)
A: horns 2, retaliatory headbutt
a: no special abilities


You were on level 4 of the Dungeon.
You visited 1 branch of the dungeon, and saw 4 of its levels.

You collected 161 gold pieces.

Inventory:

Hand Weapons
 a - a +0 long sword
 r - the +8 dagger of Conversion (weapon) {vorpal, *Slow rF+ Str+4 SInv}
   (You found it on level 4 of the Dungeon)

   It inflicts extra damage upon your enemies.
   Str:       It affects your strength (+4).
   rF:        It protects you from fire.
   SInv:      It lets you see invisible.
   *Slow:     It may slow you when you take damage.
Armour
 b - a +0 scale mail (worn)
 c - a +0 buckler (worn)
Wands
 i - a wand of flame (25)
 n - a wand of polymorph (14)
Scrolls
 e - a scroll of immolation {unknown}
 f - a scroll of holy word {unknown}
 h - 2 scrolls of identify {unknown}
 k - a scroll of blinking {unknown}
 l - a scroll of magic mapping {unknown}
 s - a scroll of enchant weapon {unknown}
Potions
 d - a potion of might
 g - a potion of berserk rage {unknown}
 j - 2 potions of brilliance {unknown}
 m - a potion of lignification {unknown}
 o - a potion of mutation {unknown}
 p - a potion of attraction {unknown}
 q - a potion of haste {unknown}


   Skills:
 * Level 5.6 Fighting
 * Level 6.9 Long Blades
 * Level 6.6 Armour
 + Level 2.8 Dodging
 - Level 3.7 Shields
 + Level 1.1 Unarmed Combat


You had 6 spell levels left.
You didn't know any spells.
Your spell library contained the following spells:

 Spells                   Type           Power      Damage    Failure   Level
 Animate Skeleton         Necr           0%         N/A       83%         1
 Beastly Appendage        Tmut           0%         N/A       83%         1
 Pain                     Necr           0%         1d4       83%         1
 Wereblood                Tmut           0%         N/A       92%         2
 Spider Form              Tmut/Pois      0%         N/A       99%         3
 Vampiric Draining        Necr           0%         2d6       99%         3


Dungeon Overview and Level Annotations

Branches:
Dungeon (4/15)
 Temple: D:4-7

Altars:
Elyvilon
Fedhas
Zin


Innate Abilities, Weirdness & Mutations

You have a pair of horns on your head.
You reflexively headbutt those who attack you in melee.


Message History

You miss the killer bee.
You feel very sick. The killer bee barely misses you.
The killer bee closely misses you. You furiously retaliate!
You headbutt the killer bee! The killer bee closely misses you.
The killer bee stings you!
The killer bee stings you but does no damage. x2
You puncture the killer bee!
The killer bee is severely wounded.
You feel very sick.
The killer bee stings you but does no damage. x2
The killer bee closely misses you.
The killer bee stings you but does no damage.
The killer bee stings you. x2
You hit the killer bee.
The killer bee is severely wounded.
You feel sick. The killer bee stings you.
You are more poisoned.
The killer bee poisons you! The killer bee misses you.
The killer bee barely misses you. You furiously retaliate!
You headbutt the killer bee.
You kill the killer bee!
The killer bee stings you!
* * * LOW HITPOINT WARNING * * *
You are more poisoned.
The killer bee poisons you!
* * * LOW HITPOINT WARNING * * *
You feel very sick. The killer bee stings you.
* * * LOW HITPOINT WARNING * * *
The killer bee stings you but does no damage.
The killer bee barely misses you. You furiously retaliate!
You headbutt the killer bee, but do no damage.
You see here a killer bee corpse.
You hit the killer bee.
You kill the killer bee!
* * * LOW HITPOINT WARNING * * *
You feel very sick. The killer bee misses you. You furiously retaliate!
You headbutt the killer bee.
You die...

.....≈≈≈###.#..####.####.##......
.....#### ####.# #>.............
..... #.# #####...#...... .....
#.######............
#...................
######.######............
#...........#............
#.........#.#............
#.......@.# #......######
#......y†.# #......# #########.#
#.#.#### .# #.#.# .# #.#.# .#
#†#.# .# #.#.# .# #.#.# ## #.#.#


You could see a killer bee.

Vanquished Creatures
  Eustachio (D:4)
  2 phantoms
  2 scorpions
  4 killer bees (D:4)
  2 howler monkeys (D:4)
  A hound skeleton (D:4)
  Robin (D:2)
  7 adders
  An ufetubus (D:4)
  4 dart slugs
  5 ball pythons
  5 bats
  7 endoplasms
  2 giant cockroaches
  16 goblins
  8 hobgoblins
  7 jackals (D:3)
  2 quokkas
  4 frilled lizards
  7 kobolds
  8 rats
96 creatures vanquished.

Notes
Turn   | Place    | Note
-------+----------+-------------------------------------------
     0 | D:1      | Sanktem7 the Minotaur Fighter began the quest for the Orb.
     0 | D:1      | Reached XP level 1. HP: 19/19 MP: 0/0
   119 | D:1      | Reached XP level 2. HP: 21/27 MP: 1/1
   877 | D:1      | Reached XP level 3. HP: 33/33 MP: 2/2
  1592 | D:2      | Reached XP level 4. HP: 40/40 MP: 3/3
  1836 | D:2      | Noticed Robin
  1840 | D:2      | Killed Robin
  2168 | D:3      | Reached skill level 5 in Armour
  2184 | D:3      | Noticed a scorpion
  2188 | D:3      | Killed a scorpion
  2189 | D:3      | Reached XP level 5. HP: 44/47 MP: 4/4
  2316 | D:3      | Found a white marble altar of Elyvilon.
  2366 | D:3      | Found a blossoming altar of Fedhas.
  2376 | D:3      | Reached skill level 1 in Dodging
  2488 | D:3      | Found a faded altar of an unknown god.
  2616 | D:3      | Reached skill level 5 in Long Blades
  2735 | D:3      | Found a glowing silver altar of Zin.
  2912 | D:4      | Noticed a phantom
  2917 | D:4      | Noticed Eustachio
  2949 | D:3      | Killed a phantom
  2950 | D:3      | Reached XP level 6. HP: 7/55 MP: 5/5
  3357 | D:4      | Killed Eustachio
  3358 | D:4      | Reached skill level 5 in Fighting
  3800 | D:4      | Reached XP level 7. HP: 55/61 MP: 6/6
  4042 | D:4      | Identified the +8 dagger of Conversion {vorpal, *Slow rF+
                  | Str+4 SInv}
  4173 | D:4      | Reached skill level 1 in Unarmed Combat
  4419 | D:4      | HP: 1/61 [poisoned by a killer bee]
  4420 | D:4      | Succumbed to a killer bee's poison

Illustrated notes

Levels and vault maps discovered:
D:1:      mushboom_english_gardens, layout_basic, serial_co_window_serial,
          co_window_paths_b, co_window_corner_a, co_window_paths_a,
          co_window_paths_a, co_window_paths_b, co_window_cross_3,
          co_window_paths_c, co_window_2corner, co_window_broadway_c,
          co_window_paths_c, co_window_unsneaky_path_e, glass_columns_b,
          glass_columns_b, glass_columns_a, glass_columns_b
D:2:      layout_basic, uniq_robin
D:3:      layout_loops_ring, grunt_temple_overflow_open,
          ebering_ecumenical_altar_box
D:4:      layout_basic, chequers_serial_rivers_small_b, minivault_25,
          uniq_eustachio

Skill      XL: |  1  2  3  4  5  6  7 |
---------------+----------------------+-----
Fighting       | 4 5 |  5.6
Armour         | 4 5 6 |  6.6
Long Blades    | 3 4 5 6 |  6.9
Dodging        | 1 2 |  2.8
Unarmed Combat | 1 |  1.1
Shields        | |  3.7

Action                   |  1- 3 |  4- 6 |  7- 9 || total
-------------------------+-------+-------+-------++-------
Melee: Long sword        |    89 |   115 |    14 ||   218
       Headbutt          |    11 |    17 |     2 ||    30
       Unarmed           |       |    18 |       ||    18
       Dagger            |       |       |    11 ||    11
Armor: Scale mail        |    49 |    47 |    13 ||   109
       Skin              |       |    28 |       ||    28
Dodge: Dodged            |    35 |   167 |    22 ||   224
Block: Buckler           |    13 |    30 |     7 ||    50
